Map: Iron Fortress LE (Void)

Players

SortOf - Winner!

  • Race: Zerg Zerg

Wintersc2 (Winter)

  • Race: Zerg Zerg

VOD

Have the link to the VOD?

Description

Time

  • Played on: April 7, 2015, 6:24 a.m.
  • Length: 9:55
Show
View Real Time Build Order
Export as new Build Order

SortOf Zerg - Winner!

Build Orders: Hatch First 

Get SALT Encoding   

  12  0:02  Drone  
  13  0:15  Overlord  
  13  0:18  Drone  
  14  0:33  Drone x2  
  16  0:37  Drone  
  17  0:54  Hatchery, Drone  
  17  1:00  Drone  
  18  1:05  Extractor  
  17  1:14  Spawning Pool  
  17  1:17  Drone  
  17  1:22  Drone  
  18  1:30  Drone  
  19  1:41  Overlord  
  19  1:59  Drone  
  20  2:01  Queen  
  20  2:04  Zergling x2  
  20  2:05  Queen  
  25  2:09  Roach Warren  
  25  2:11  Drone  
  25  2:19  Drone  
  25  2:20  Overlord  
  26  2:25  Drone  
  27  2:34  Drone  
  28  2:38  Drone  
  28  2:39  Queen  
  31  2:49  Overlord  
  33  2:51  Roach  
  33  2:52  Roach  
  33  2:58  Roach  
  37  3:05  Roach  
  39  3:16  Roach  
  39  3:19  Drone x2  
  40  3:20  Drone x3  
  40  3:21  Drone  
  40  3:26  Drone  
  44  3:33  Ravager x2  
  46  3:38  Overlord  
  46  3:39  Drone  
  47  3:43  Extractor  
  47  3:46  Overlord  
  47  3:48  Drone  
  47  3:51  Drone  
  47  3:55  Drone  
  49  3:58  Drone  
  49  4:02  Overlord, Drone  
  51  4:03  Drone x2  
  51  4:09  Evolution Chamber  
  52  4:11  Spore Crawler  
  52  4:15  Roach  
  52  4:16  Roach  
  55  4:20  Roach  
  55  4:22  Ravager x2  
  59  4:27  Roach  
  59  4:28  Overlord  
  61  4:34  Roach  
  61  4:36  Overlord  
  63  4:40  Roach  
  63  4:42  Roach  
  63  4:45  Extractor  
  66  4:46  Overlord  
  66  4:49  Roach  
  66  4:52  Roach  
  70  4:57  Roach  
  70  4:58  Roach  
  74  5:03  Roach  
  76  5:11  Roach  
  76  5:12  Roach  
  76  5:13  Roach  
  73  5:19  Roach  
  64  5:22  Roach  
  64  5:28  Drone x2  
  64  5:30  Drone x2  
  66  5:36  Roach  
  66  5:37  Roach  
  70  5:47  Roach x3  
  76  5:54  Roach x2  
  80  5:58  Overlord  
  80  6:05  Overlord  
  71  6:19  Ravager x3  
  71  6:24  Roach x3  
  80  6:28  Roach, Queen  
  80  6:30  Drone x2  
  86  6:33  Roach  
  86  6:37  Roach  
  90  6:43  Drone x2  
  90  6:45  Overlord  
  92  6:49  Overlord  
  92  6:56  Overlord  
  92  7:01  Zerg Missile Weapons Level 1  
  92  7:05  Roach x2  
  96  7:09  Ravager  
  96  7:11  Ravager  
  98  7:18  Roach x2  
  102  7:27  Roach x3  
  101  7:37  Roach x3  
  94  7:51  Roach  
  94  7:52  Roach x3  
  94  7:58  Roach x2, Extractor  
  102  8:04  Roach x3  
  107  8:08  Zergling x2  
  106  8:22  Roach x2  
  87  8:34  Roach x2  
  87  8:35  Ravager x2  
  93  8:42  Roach x2  
  93  8:44  Spine Crawler  
  94  8:50  Roach x4  
  102  8:57  Spine Crawler  
  102  9:02  Ravager  
  102  9:09  Ravager  
  101  9:10  Ravager  
  101  9:14  Roach x3  
  101  9:15  Overlord  
  101  9:16  Queen  
  109  9:19  Overlord  
  109  9:21  Ravager  
  110  9:26  Roach x2  
  107  9:50  Ravager x3  
Show
View Real Time Build Order
Export as new Build Order

Wintersc2 Zerg 

Build Orders: Hatch First, Ravager All-In 

Get SALT Encoding   

  12  0:01  Drone  
  13  0:09  Drone  
  14  0:17  Drone, Extractor  
  15  0:22  Overlord  
  15  0:41  Drone  
  16  0:43  Drone  
  16  0:49  Drone  
  18  0:56  Hatchery  
  17  0:58  Drone  
  18  1:06  Drone  
  19  1:14  Extractor  
  19  1:17  Spawning Pool  
  17  1:21  Drone  
  18  1:28  Drone  
  19  1:37  Drone  
  20  1:48  Drone  
  21  1:58  Overlord  
  21  2:07  Queen  
  23  2:09  Queen  
  23  2:12  Zergling x4  
  23  2:14  Metabolic Boost  
  27  2:19  Zergling x2  
  27  2:22  Drone  
  29  2:33  Drone x2  
  31  2:38  Roach Warren  
  31  2:40  Drone  
  31  2:45  Overlord  
  31  2:51  Drone  
  32  2:54  Drone, Extractor  
  29  3:23  Roach x3  
  29  3:24  Roach  
  35  3:31  Roach  
  35  3:33  Roach x2  
  41  3:36  Roach  
  41  3:37  Overlord x3  
  43  4:02  Ravager x2  
  45  4:03  Zergling x10  
  45  4:06  Roach, Zergling x6  
  55  4:11  Zergling x2  
  57  4:17  Overlord, Ravager  
  57  4:19  Zergling x2  
  58  4:25  Zergling x2  
  59  4:35  Zergling x4  
  61  4:43  Zergling x2  
  61  4:44  Zergling x4  
  61  4:45  Ravager x2  
  66  4:53  Overlord  
  66  4:58  Zergling x4  
  66  4:59  Overlord  
  57  5:17  Zergling x6  
  57  5:18  Zergling x2  
  54  5:24  Zergling x2  
  54  5:26  Zergling x2  
  50  5:32  Zergling x8  
  50  5:33  Zergling x2  
  55  5:40  Zergling x4  
  57  5:47  Zergling x2  
  58  5:52  Zergling x2  
  58  5:56  Zergling x4  
  61  5:59  Zergling x4  
  61  6:02  Roach  
  65  6:04  Roach  
  64  6:13  Roach  
  64  6:16  Roach  
  62  6:22  Roach x2  
  66  6:26  Ravager  
  66  6:27  Ravager  
  66  6:30  Roach  
  70  6:37  Roach  
  71  6:42  Roach  
  71  6:45  Ravager x2  
  75  6:50  Roach  
  75  6:51  Roach  
  79  6:56  Ravager x2  
  79  6:59  Zergling x2  
  82  7:19  Overlord  
  73  7:43  Zergling x2  
  57  7:44  Zergling x6  
  57  7:51  Zergling x4  
  58  7:55  Zergling x4  
  60  8:01  Ravager  
  60  8:02  Ravager  
  60  8:03  Ravager x2  
  60  8:04  Zergling x2  
  60  8:05  Zergling x18  
  74  8:14  Ravager  
  74  8:19  Roach  
  77  8:23  Zergling x2  
  67  8:36  Zergling x6  
  67  8:37  Zergling x8  
  74  8:48  Zergling x4  
  74  8:49  Zergling x2  
  74  8:51  Zergling x4  
  79  9:01  Zergling x4  
  81  9:12  Zergling x2  
  81  9:16  Roach  
  84  9:25  Ravager, Roach  
  87  9:36  Roach  
Tags
 
Add a new tag
Caveats
  • Supply blocks, unpowered buildings, or Contaminate may cause inaccurate times.
  • Supply counts are checked every 10 seconds.